Map: Acid Plant LE

Players

danny

  • Race: Zerg Zerg
  • League: Gold
  • Spawn Location: 11:00

CinDra - Winner!

  • Race: Zerg Zerg
  • League: Gold
  • Spawn Location: 5:00

VOD

Have the link to the VOD?

Description

Time

  • Played on: March 7, 2018, 10:31 p.m.
  • Length: 1:59
Show
View Real Time Build Order
Export as new Build Order

danny Zerg 

Build Orders: Pool Only 

Get SALT Encoding   

  12  0:02  Drone  
  13  0:08  Drone  
  14  0:14  Extractor  
  14  0:16  Drone  
  14  0:35  Spawning Pool  
  13  0:42  Overlord  
  13  0:47  Drone  
  14  1:01  Drone  
  15  1:08  Drone x2  
  19  1:33  Overlord  
  19  1:38  Drone  
  21  1:52  Baneling Nest  
Show
View Real Time Build Order
Export as new Build Order

CinDra Zerg - Winner!

Build Orders: Hatch First 

Get SALT Encoding   

  12  0:00  Drone  
  13  0:12  Overlord  
  13  0:18  Drone  
  14  0:30  Drone x2  
  14  0:35  Drone  
  17  0:53  Hatchery  
  17  0:56  Drone  
  17  1:00  Extractor  
  17  1:01  Drone  
  17  1:19  Spawning Pool  
  17  1:23  Drone  
  17  1:24  Drone  
  18  1:28  Drone  
  19  1:39  Overlord  
Tags
 
League
GoldGold
Matchup
ZvZ
Race
Zerg
Spawn Locations
Cross Positions
Add a new tag
Caveats
  • Supply blocks, unpowered buildings, or Contaminate may cause inaccurate times.
  • Supply counts are checked every 10 seconds.